[Event "Early-Titled-Tuesday-Blitz-October-03-2023"]
[Site "Chess.com"]
[Date "2023.10.03"]
[Round "2"]
[White "Khromkin"]
[Black "campochess"]
[Result "1-0"]
[WhiteElo "2452"]
[BlackElo "2167"]
[TimeControl "180+1"]
[EndTime "8:15:47 PDT"]
[Termination "Khromkin won by resignation"]

1. d4 c5 2. d5 Nf6 3. Nc3 g6 4.
e4 d6 5. f4 Bg7 6. Nf3 a6 7.
a4 O-O 8. Bc4 Ne8 9. O-O Nc7 10.
Qe2 e6 11. dxe6 Bxe6 12. Be3 Nc6 13. Rad1 Qe7 14. Bxe6 fxe6 15. Qc4 Kh8 16. e5 Na5 17.
exd6 Nxc4 18. dxe7 Nxe3 19. exf8=Q+ Rxf8 20. Rd7 Ncd5 21. Nxd5 Nxd5 22. c3 b5 23. Ng5 Nxf4 24. Nf7+ Rxf7 25.
Rxf7 Nd5 26. a5 h5 27. Ra7 b4 28. cxb4 cxb4 29. Rxa6 Bxb2 30. Rxe6 Bd4+ 31. Kh1 b3 32. Rd6 Ne3 33. Rxd4 Nxf1 34. Rb4 Nd2 35. a6 1-0

[Event "Early-Titled-Tuesday-Blitz-October-03-2023"]
[Site "Chess.com"]
[Date "2023.10.03"]
[Round "2"]
[White "SharapovEvgeny"]
[Black "ChessicallyInclined"]
[Result "1/2-1/2"]
[WhiteElo "2570"]
[BlackElo "2806"]
[TimeControl "180+1"]
[EndTime "8:15:48 PDT"]
[Termination "Game drawn by repetition"]

1. e4 d6 2. d4 Nf6 3. Nc3 g6 4. f4 Bg7 5. Nf3 c5 6. dxc5 Qa5 7. Qd4 O-O 8. cxd6 Nxe4 9. Qxe4 Bxc3+ 10. bxc3 Qxc3+ 11. Kf2 Qxa1 12. dxe7 Re8 13. Bc4 Nc6 14. Ba3 Qf6 15. Ng5 Rxe7 16. Bxe7 Nxe7 17. Re1 Bf5 18.
Bxf7+ Qxf7 19. Qxe7 Qxe7 20. Rxe7 h6 21. Nh7 Rc8 22.
Nf6+ Kf8 23. Rxb7 Rxc2+ 24. Kf3 Rc3+ 25. Kf2 Rc2+ 26. Kf3 Rc3+ 27. Kf2 Rc2+ 1/2-1/2

[Event "Early-Titled-Tuesday-Blitz-October-03-2023"]
[Site "Chess.com"]
[Date "2023.10.03"]
[Round "2"]
[White "BahadirOzen"]
[Black "stratacticos"]
[Result "1-0"]
[WhiteElo "2798"]
[BlackElo "1758"]
[TimeControl "180+1"]
[EndTime "8:15:48 PDT"]
[Termination "BahadirOzen won by resignation"]

1. g3 d5 2. Nf3 Nf6 3. Bg2 g6 4. O-O Bg7 5. d3 O-O 6. Nbd2 b6 7. e4 dxe4 8. dxe4 Bb7 9. e5 Ng4 10. Re1 e6 11. h3 Nh6 12. Qe2 Nd7 13. Ne4 Nf5 14. Bg5 Qc8 15. Rad1 Nxe5 16. Nxe5 Bxe5 17. Nf6+ Bxf6 18. Bxf6 Bxg2 19. Kxg2 Qb7+ 20. f3 h5 21. g4 Nh6 22. gxh5 gxh5 23. Rg1 Kh7 24. Kf2 Rg8 25. f4 Rxg1 26. Rxg1 Rg8 27. Rxg8 Nxg8 28. Qxh5+ Nh6 29. Bg5 1-0

[Event "Early-Titled-Tuesday-Blitz-October-03-2023"]
[Site "Chess.com"]
[Date "2023.10.03"]
[Round "2"]
[White "colegiodemadrid"]
[Black "JACK_BAU3R"]
[Result "1-0"]
[WhiteElo "2405"]
[BlackElo "1997"]
[TimeControl "180+1"]
[EndTime "8:15:48 PDT"]
[Termination "colegiodemadrid won on time"]

1. e4 d6 2. d4 Nf6 3. Nc3 e5 4. Nf3 exd4 5. Nxd4 Be7 6. g3 O-O 7. Bg2 Re8 8. O-O a6 9. Re1 Nbd7 10. a4 Bf8 11. h3 Nc5 12. Kh2 Qd7 13. Bg5 Nfxe4 14. Nxe4 Nxe4 15. Rxe4 Rxe4 16. Bxe4 Qxh3+ 17. Kg1 h5 18. Bg2 Qd7 19. Qxh5 g6 20. Qh4 c5 21. Bf6 Bg7 22. Nf3 Qf5 23. Bxg7 Kxg7 24. Ng5 Be6 25. Bh3 Qe5 26. Nxe6+ fxe6 27. Qe7+ Kh6 28. Qxe6 Qxb2 29. Re1 Qxc2 30. Qxd6 Qxa4 31. Qf4+ Qxf4 32. gxf4 b5 33. Re6 Kg7 34. Bg2 Ra7 35. Be4 1-0

[Event "Early-Titled-Tuesday-Blitz-October-03-2023"]
[Site "Chess.com"]
[Date "2023.10.03"]
[Round "2"]
[White "Caterpiller35"]
[Black "Mbneu"]
[Result "1-0"]
[WhiteElo "2475"]
[BlackElo "2219"]
[TimeControl "180+1"]
[EndTime "8:15:49 PDT"]
[Termination "Caterpiller35 won by resignation"]

1. d4 Nf6 2. Bg5 Ne4 3. Bf4 g5 4. Bc1 c5 5. f3 Nf6 6. dxc5 Qa5+ 7. Nc3 Qxc5 8. e4 h6 9. Qe2 b6 10. Be3 Qa5 11. Qd2 Bg7 12. Bc4 Ba6 13. Bb3 O-O 14. h4 g4 15. Bxh6 Bxh6 16. Qxh6 Qh5 17. Qxh5 Nxh5 18.
fxg4 Nf4 19. Kf2 Nc6 20. Nh3 Ng6 21. Rad1 Nge5 22. g5 d6 23. Nd5 Rac8 24. Nhf4 Kh7 25. h5 f5 26. gxf6 Ng4+ 27. Kg3 Nxf6 28. Nxf6+ Rxf6 29.
Nd5 Rg8+ 30. Kh4 Rf2 31. g4 Be2 32. Rdg1 Ne5 33. Nxe7 Bxg4 34. Bxg8+ 1-0

[Event "Early-Titled-Tuesday-Blitz-October-03-2023"]
[Site "Chess.com"]
[Date "2023.10.03"]
[Round "2"]
[White "vladjianu"]
[Black "ivana_999"]
[Result "1/2-1/2"]
[WhiteElo "2628"]
[BlackElo "2041"]
[TimeControl "180+1"]
[EndTime "8:15:50 PDT"]
[Termination "Game drawn by repetition"]

1. d4 Nf6 2. c4 c5 3. d5 e5 4. Nc3 d6 5. e4 Nbd7 6. Nf3 Be7 7. h3 Nf8 8. Be3 Ng6 9. Qd2 h5 10.
a3 a5 11. g3 Bd7 12. Bd3 Rb8 13. Rb1 b6 14. b4 axb4 15. axb4 O-O 16. Kf1 Qc8 17. Kg2 h4 18. g4 Bxg4 19. Ng5 Bd7 20. bxc5 bxc5 21. Rxb8 Qxb8 22. Rb1 Qc7 23. Be2 Rb8 24. Qa2 Rxb1 25. Qxb1 Qc8 26. Kh2 Nh7 27. Nxh7 Kxh7 28. Bf1 Qd8 29. Qd1 Kg8 30. Bg2 Bg5 31.
Qh5 Bxe3 32. fxe3 Qf6 33. Qf3 Qxf3 34. Bxf3 Ne7 35. Kg2 g5 36. Bg4 Bxg4 37. hxg4 Nc8 38. Nb5 Kf8 39. Kf3 Ke7 40. Kg2 Nb6 41. Na3 Nc8 42. Kf3 Nb6 43. Kg2 Nc8 44. Kf3 Nb6 45. Kg2 1/2-1/2

[Event "Early-Titled-Tuesday-Blitz-October-03-2023"]
[Site "Chess.com"]
[Date "2023.10.03"]
[Round "2"]
[White "viktorgen2021"]
[Black "ChesscularGodofchess"]
[Result "1-0"]
[WhiteElo "2455"]
[BlackElo "2180"]
[TimeControl "180+1"]
[EndTime "8:15:51 PDT"]
[Termination "viktorgen2021 won by checkmate"]

1. d4 d5 2. c4 c6 3. Nc3 dxc4 4. e3 b5 5. a4 b4 6. Ne4 Qd5 7. Ng3 e5 8. Nf3 exd4 9. Nxd4 Nf6 10. Be2 Bb7 11.
Qc2 c3 12. bxc3 bxc3 13. Qxc3 a5 14. O-O Bb4 15. Qc2 O-O 16. Bb2 Na6 17. Ndf5 Qe6 18. Bc4 Qc8 19. Nxg7 Kxg7 20. Nf5+ Kg8 21. Bxf6 Re8 22.
Nh6+ Kf8 23. Qxh7 c5 24. Qxf7# 1-0

[Event "Early-Titled-Tuesday-Blitz-October-03-2023"]
[Site "Chess.com"]
[Date "2023.10.03"]
[Round "2"]
[White "kleinebeer98"]
[Black "HATilay"]
[Result "1-0"]
[WhiteElo "2811"]
[BlackElo "2559"]
[TimeControl "180+1"]
[EndTime "8:15:53 PDT"]
[Termination "kleinebeer98 won by resignation"]

1. e4 c5 2. Nf3 e6 3. d4 cxd4 4. Bg5 Qa5+ 5. c3 Nc6 6. Bd3 Ne5 7. Nxe5 Qxe5 8. f4 Qc5 9. Bh4 e5 10. Bf2 exf4 11. O-O Qg5 12. cxd4 d5 13. Nc3 Nf6 14.
Bb5+ Kd8 15. Qe1 Bh3 16. g3 Bxf1 17. Bxf1 fxg3 18. Bxg3 h5 19. Kh1 h4 20. Be5 Bd6 21.
Bxd6 dxe4 22. Be5 h3 23. Nxe4 Qf5 24. Nxf6 gxf6 25. Bg3 Qf3+ 26. Kg1 Re8 27. Qa5+ b6 28. Qd2 Rc8 29. Re1 Rxe1 30. Qxe1 Qd5 31. Qf2 Rc6 32.
Bxh3 Rc1+ 33. Bf1 Ke7 34. Qe3+ 1-0

[Event "Early-Titled-Tuesday-Blitz-October-03-2023"]
[Site "Chess.com"]
[Date "2023.10.03"]
[Round "2"]
[White "arminmusovic"]
[Black "Fradi82"]
[Result "1-0"]
[WhiteElo "2521"]
[BlackElo "2323"]
[TimeControl "180+1"]
[EndTime "8:15:53 PDT"]
[Termination "arminmusovic won by checkmate"]

1. e4 c5 2. c3 b6 3. d4 Bb7 4. dxc5 bxc5 5. Nd2 d6 6. Ngf3 Nf6 7. e5 dxe5 8. Nxe5 Nbd7 9. Bb5 e6 10. Ndc4 Bxg2 11. Rg1 Bd5 12. Ne3 Rb8 13. Nxd5 exd5 14. Nc6 Qc7 15. Qe2+ Ne4 16. Nxb8 Qxb8 17. f3 f5 18.
fxe4 fxe4 19. Qh5+ g6 20. Bxd7+ Kxd7 21. Qxd5+ Qd6 22.
Qxd6+ Bxd6 23. Be3 Rf8 24. Rd1 Kc6 25. Rg5 Rf3 26.
Ke2 Bxh2 27. Rxc5+ Kb7 28. Rd7+ Kb8 29. Rb5+ Ka8 30.
Rxa7# 1-0

[Event "Early-Titled-Tuesday-Blitz-October-03-2023"]
[Site "Chess.com"]
[Date "2023.10.03"]
[Round "2"]
[White "Denis_Makhnyov"]
[Black "GradualismUnleashed"]
[Result "1-0"]
[WhiteElo "2949"]
[BlackElo "2616"]
[TimeControl "180+1"]
[EndTime "8:15:56 PDT"]
[Termination "Denis_Makhnyov won by resignation"]

1. f4 c5 2. Nf3 g6 3. g3 Bg7 4. Bg2 Nc6 5. O-O e6 6. e4 d5 7. d3 Nge7 8. c3 b5 9. Qe2 Bb7 10. Rd1 Qb6 11. Be3 d4 12. Bf2 O-O 13. cxd4 Nxd4 14.
Nxd4 cxd4 15. Nd2 Rac8 16. Nf3 Rfd8 17. Rac1 a5 18. h4 h5 19. Qd2 a4 20. a3 Nc6 21.
Ng5 Na5 22. Qe2 Nb3 23. Rxc8 Rxc8 24. g4 hxg4 25. Qxg4 Qc7 26. h5 gxh5 27. Qxh5 Qxf4 28. Rf1 Rc1 29. Be1 Qe3+ 30. Kh1 Rc7 31. Qh7+ Kf8 32.
Nxe6+ 1-0

[Event "Early-Titled-Tuesday-Blitz-October-03-2023"]
[Site "Chess.com"]
[Date "2023.10.03"]
[Round "2"]
[White "VOneChess"]
[Black "andrzej"]
[Result "0-1"]
[WhiteElo "2202"]
[BlackElo "2471"]
[TimeControl "180+1"]
[EndTime "8:15:56 PDT"]
[Termination "andrzej won on time"]

1. b3 d5 2. Bb2 c5 3. f4 Nf6 4. Nf3 g6 5. g3 Bg7 6. Bg2 O-O 7. O-O Nc6 8. d3 d4 9. h3 Nd5 10. Bc1 Qc7 11. Na3 Rd8 12. Bd2 Rb8 13. Qe1 b5 14.
Qf2 Ncb4 15. Ne5 e6 16. g4 a6 17. Be4 Bb7 18. Qf3 Qa5 19. Nb1 Qb6 20. c4 Ne3 21. Bxe3 dxe3 22. Nc3 Nc2 23. Bxb7 Nxa1 24. Be4 Nc2 25. Nc6 Nd4 26. Nxd4 cxd4 27. Nd1 f5 28. gxf5 gxf5 29. Bc6 Rd6 30. cxb5 axb5 31. Kh1 Qxc6 0-1

[Event "Early-Titled-Tuesday-Blitz-October-03-2023"]
[Site "Chess.com"]
[Date "2023.10.03"]
[Round "2"]
[White "TatjanaVasilevich"]
[Black "IngOscarArdila"]
[Result "1-0"]
[WhiteElo "2587"]
[BlackElo "2314"]
[TimeControl "180+1"]
[EndTime "8:15:59 PDT"]
[Termination "TatjanaVasilevich won by resignation"]

1. Nf3 Nf6 2. g3 g6 3. Bg2 Bg7 4. O-O O-O 5. b3 d6 6. Bb2 Nbd7 7. d4 c6 8. c4 Qc7 9. Nc3 e5 10. e3 Re8 11. Qc2 Nf8 12. Rad1 Bf5 13. e4 Bg4 14. d5 cxd5 15. cxd5 Rac8 16. h3 Bxf3 17.
Bxf3 a6 18. a4 b5 19. axb5 axb5 20. Qe2 b4 21. Na4 Qc2 22. Qe3 Qc7 23. Rc1 Qb7 24. Be2 Rxc1 25. Rxc1 Rc8 26. Rxc8 Qxc8 27. Bc4 N8d7 28. f3 Nh5 29. Kg2 f5 30. Nb6 f4 31.
Nxc8 fxe3 32. Nxd6 Bf8 33. Nb5 Bc5 34. d6+ Kf8 35. Be6 Nhf6 36. Kf1 Nb6 37. Bxe5 Nfd7 38.
Bb2 Ke8 39. Ke2 Kd8 40. f4 Nc8 41. e5 Ndb6 42. g4 Nd7 43. f5 gxf5 44. gxf5 Na7 45. Bxd7 Kxd7 46. e6+ Kd8 47. Bf6+ Kc8 48. Nxa7+ Bxa7 49. d7+ 1-0

[Event "Early-Titled-Tuesday-Blitz-October-03-2023"]
[Site "Chess.com"]
[Date "2023.10.03"]
[Round "2"]
[White "Let_it_be_1"]
[Black "novocane"]
[Result "1-0"]
[WhiteElo "2616"]
[BlackElo "2356"]
[TimeControl "180+1"]
[EndTime "8:15:59 PDT"]
[Termination "Let_it_be_1 won by resignation"]

1. e4 c5 2. Nf3 Nc6 3. d4 cxd4 4. Nxd4 e5 5. Nb5 d6 6. Bc4 Be6 7. Bd5 a6 8. N5c3 Nf6 9. Bg5 Be7 10. Bxf6 Bxf6 11.
O-O O-O 12. a4 Rb8 13. Na3 Nb4 14. Nc4 Qc7 15. Ne3 Rfc8 16. g3 Bg5 17. f4 exf4 18.
gxf4 Bh6 19. Kh1 Qb6 20. Bxe6 Qxe3 21. Bxc8 Rxc8 22. Qf3 Nxc2 23. Rad1 Qb6 24. Nd5 Qxb2 25. Ne7+ 1-0

[Event "Early-Titled-Tuesday-Blitz-October-03-2023"]
[Site "Chess.com"]
[Date "2023.10.03"]
[Round "2"]
[White "Kielinkei"]
[Black "AlexandraSamaganova"]
[Result "1-0"]
[WhiteElo "2471"]
[BlackElo "2211"]
[TimeControl "180+1"]
[EndTime "8:15:59 PDT"]
[Termination "Kielinkei won by checkmate"]

1. c4 c5 2. Nc3 Nf6 3. g3 e6 4. Bg2 Nc6 5. e3 Be7 6. Nge2 O-O 7. O-O a6 8. d4 cxd4 9. exd4 d5 10. cxd5 Nxd5 11.
Nxd5 exd5 12. Nf4 Bf6 13. Be3 Be6 14. Nxe6 fxe6 15. Re1 Re8 16. Qg4 e5 17. dxe5 Nxe5 18. Qd1 d4 19. Bxd4 Nf3+ 20. Qxf3 Qxd4 21. Qxb7 Rxe1+ 22. Rxe1 Rd8 23. Qxa6 Qxb2 24. Qe6+ Kf8 25. Bd5 Rxd5 26.
Qe8# 1-0

[Event "Early-Titled-Tuesday-Blitz-October-03-2023"]
[Site "Chess.com"]
[Date "2023.10.03"]
[Round "2"]
[White "AleksandrAleksikov"]
[Black "Juicy_Fork"]
[Result "0-1"]
[WhiteElo "2207"]
[BlackElo "2470"]
[TimeControl "180+1"]
[EndTime "8:15:59 PDT"]
[Termination "Juicy_Fork won on time"]

1. e4 e5 2. Nf3 Nc6 3. c3 d5 4. Qa4 f6 5. Bb5 Ne7 6. exd5 Qxd5 7. d4 e4 8. c4 Qh5 9. Nfd2 Bd7 10. Nxe4 Qg4 11.
Ng3 Nxd4 12. Bxd7+ Qxd7 13. Qd1 O-O-O 14. Be3 Nec6 15.
Nc3 h5 16. h3 h4 17. Nge2 Nf5 18. Qxd7+ Rxd7 19. Bf4 g5 20. Bh2 Ncd4 21. O-O-O Bb4 22. Nxd4 Rxd4 23. Rxd4 Nxd4 24. Nd5 Bd6 25. Bxd6 cxd6 26. Re1 f5 0-1

[Event "Early-Titled-Tuesday-Blitz-October-03-2023"]
[Site "Chess.com"]
[Date "2023.10.03"]
[Round "2"]
[White "Frolyanov_D"]
[Black "dadice10"]
[Result "1-0"]
[WhiteElo "2674"]
[BlackElo "2168"]
[TimeControl "180+1"]
[EndTime "8:16:01 PDT"]
[Termination "Frolyanov_D won by resignation"]

1. d4 d5 2. c4 dxc4 3. e4 e5 4. Nf3 exd4 5. Bxc4 Nc6 6. O-O Be6 7. Bxe6 fxe6 8. Qb3 Qd7 9. Nbd2 O-O-O 10. Nc4 Bd6 11. Bg5 Nge7 12. Rac1 e5 13. a4 h6 14. Bxe7 Qxe7 15.
a5 a6 16. Qa4 Kb8 17. b4 Na7 18. Nxd6 cxd6 19. Nd2 Rc8 20. Nc4 Qe8 21. Qa1 Qe6 22. Nb6 Rxc1 23. Rxc1 Nc8 24. Nd5 Ne7 25. Nc7 Qd7 26.
b5 axb5 27. a6 Nc6 28. Nxb5 bxa6 29. Qxa6 Qb7 30. Qxc6 1-0

[Event "Early-Titled-Tuesday-Blitz-October-03-2023"]
[Site "Chess.com"]
[Date "2023.10.03"]
[Round "2"]
[White "Alexchess1984"]
[Black "AniJak"]
[Result "1-0"]
[WhiteElo "2722"]
[BlackElo "2384"]
[TimeControl "180+1"]
[EndTime "8:16:01 PDT"]
[Termination "Alexchess1984 won by resignation"]

1. e4 c6 2. d4 d5 3. exd5 cxd5 4.
c4 Nf6 5. Nc3 Nc6 6. Nf3 Bg4 7.
cxd5 Nxd5 8. Qb3 Bxf3 9. gxf3 Nxc3 10. bxc3 Qc7 11. Bf4 e5 12. dxe5 Bc5 13. Qc4 Na5 14.
Qa4+ Nc6 15. Qc4 Na5 16. Qb5+ Kf8 17. Be2 a6 18. Qa4 b5 19. Qe4 Re8 20. Rd1 f6 21.
Rg1 Nc6 22. exf6 Rxe4 23. Bxc7 Rxe2+ 24. Kxe2 gxf6 25. Bd6+ Bxd6 26. Rxd6 Ne5 27. Rd8+ 1-0

[Event "Early-Titled-Tuesday-Blitz-October-03-2023"]
[Site "Chess.com"]
[Date "2023.10.03"]
[Round "2"]
[White "Kildepiotr"]
[Black "FairChess_on_YouTube"]
[Result "0-1"]
[WhiteElo "2646"]
[BlackElo "3076"]
[TimeControl "180+1"]
[EndTime "8:16:02 PDT"]
[Termination "FairChess_on_YouTube won by resignation"]

1. Nf3 d5 2. g3 Nf6 3. Bg2 Bf5 4. O-O c6 5. d3 h6 6. Nbd2 e6 7.
Qe1 Bh7 8. e4 Be7 9. Qe2 O-O 10.
b3 a5 11. a4 Na6 12. Bb2 Nb4 13. Ne1 Qb6 14. Kh1 Rad8 15. e5 Nd7 16. f4 c5 17.
Rc1 Nb8 18. g4 N8c6 19. Ndf3 c4 20. dxc4 dxc4 21. Qxc4 Nd5 22. Qb5 Qa7 23. f5 exf5 24. gxf5 Bxf5 25. Nh4 Bxh4 26. Rxf5 Ne3 27. Rf3 Bg5 28. Bh3 Rd2 29. Bc3 Nd4 30. Qd3 Rxd3 0-1

[Event "Early-Titled-Tuesday-Blitz-October-03-2023"]
[Site "Chess.com"]
[Date "2023.10.03"]
[Round "2"]
[White "BeautiFullMindChess"]
[Black "ozates"]
[Result "0-1"]
[WhiteElo "2364"]
[BlackElo "2623"]
[TimeControl "180+1"]
[EndTime "8:16:04 PDT"]
[Termination "ozates won by checkmate"]

1. e4 e5 2. Nf3 Nc6 3. d4 exd4 4. Nxd4 Nf6 5. Nxc6 bxc6 6. e5 Qe7 7. Qe2 Nd5 8. g3 g6 9. Bg2 Bg7 10. f4 O-O 11.
O-O d6 12. c4 Ba6 13. Qe4 Nb6 14. b3 d5 15. Qe3 Rfd8 16. Ba3 Qe6 17. cxd5 Nxd5 18.
Bxd5 Rxd5 19. Re1 Rad8 20. Nc3 Rd3 21. Qxa7 c5 22. Ne4 c4 23. Nc5 Qd5 24. Nxd3 Bb7 25.
Kf1 Qg2# 0-1

[Event "Early-Titled-Tuesday-Blitz-October-03-2023"]
[Site "Chess.com"]
[Date "2023.10.03"]
[Round "2"]
[White "scarabee43"]
[Black "ama18"]
[Result "1-0"]
[WhiteElo "2790"]
[BlackElo "2538"]
[TimeControl "180+1"]
[EndTime "8:16:06 PDT"]
[Termination "scarabee43 won by resignation"]

1. Nf3 Nf6 2. d4 e6 3. c4 b6 4. g3 Bb7 5. Bg2 Be7 6. O-O O-O 7. Bf4 d5 8. Ne5 Na6 9. Nc3 Rc8 10. cxd5 Nxd5 11.
Nxd5 exd5 12. Bh3 Ra8 13. Qa4 c5 14. Nc6 Bxc6 15. Qxc6 cxd4 16. Rfd1 Nb4 17. Qa4 a6 18. Rxd4 b5 19. Qb3 a5 20. a3 Qb6 21. Rad1 Bc5 22. Be3 a4 23. Qc3 Na2 24. Qc2 b4 25. Rh4 g6 26. Bxc5 Qc7 27. axb4 Rfc8 28. Bxc8 Rxc8 29. Qxa4 1-0

[Event "Early-Titled-Tuesday-Blitz-October-03-2023"]
[Site "Chess.com"]
[Date "2023.10.03"]
[Round "2"]
[White "NLLO777"]
[Black "tdf98pantani"]
[Result "1-0"]
[WhiteElo "2400"]
[BlackElo "2669"]
[TimeControl "180+1"]
[EndTime "8:16:06 PDT"]
[Termination "NLLO777 won by resignation"]

1. d4 Nf6 2. c4 g6 3. Nf3 Bg7 4. g3 c5 5. Bg2 O-O 6. b3 Ne4 7. Bb2 Qa5+ 8. Nbd2 Nc6 9. e3 cxd4 10. Nxd4 Nxd4 11.
Bxd4 f5 12. Bxg7 Kxg7 13. a3 Nxd2 14. Qxd2 Qxd2+ 15. Kxd2 d6 16. h4 h6 17. Rhc1 Be6 18. b4 a5 19. Rab1 axb4 20. Rxb4 Rxa3 21. Rxb7 Kf6 22.
c5 Ra2+ 23. Ke1 dxc5 24. Rxc5 Rd8 25. Rb6 Rdd2 26. Bd5 Re2+ 27. Kf1 Rxf2+ 28. Kg1 Rg2+ 29. Bxg2 Kf7 30. Re5 Bc4 31. Bd5+ Bxd5 32. Rxd5 Re2 33. Re5 g5 34. Rxh6 gxh4 35. gxh4 1-0

[Event "Early-Titled-Tuesday-Blitz-October-03-2023"]
[Site "Chess.com"]
[Date "2023.10.03"]
[Round "2"]
[White "Cheer_Down"]
[Black "JAN2404"]
[Result "1-0"]
[WhiteElo "2411"]
[BlackElo "2064"]
[TimeControl "180+1"]
[EndTime "8:16:06 PDT"]
[Termination "Cheer_Down won by resignation"]

1. e4 c5 2. Nf3 d6 3. Bb5+ Bd7 4. Bxd7+ Qxd7 5. c4 Nc6 6. Nc3 Nf6 7. d4 cxd4 8. Nxd4 Rc8 9. f3 g6 10. Be3 Bg7 11.
O-O O-O 12. b3 a6 13. Qd3 h5 14.
Rac1 e6 15. Rfd1 Rfd8 16. Na4 Ne5 17. Qe2 Qe7 18. h3 d5 19. f4 Nc6 20. Nxc6 Rxc6 21.
cxd5 exd5 22. e5 Ne4 23. Rxc6 bxc6 24. Qxa6 c5 25. Qc6 d4 26. Qxe4 dxe3 27. Rxd8+ Qxd8 28. Qxe3 Qd1+ 29. Kh2 Qc2 30. Nxc5 Qxa2 31. e6 Qa7 32. e7 Bf8 33. e8=Q 1-0

[Event "Early-Titled-Tuesday-Blitz-October-03-2023"]
[Site "Chess.com"]
[Date "2023.10.03"]
[Round "2"]
[White "grzechu96"]
[Black "Hikaru"]
[Result "0-1"]
[WhiteElo "2652"]
[BlackElo "3265"]
[TimeControl "180+1"]
[EndTime "8:16:07 PDT"]
[Termination "Hikaru won on time"]

1. e4 a6 2. d4 e6 3. Bd3 d5 4. e5 c5 5. c3 Bd7 6. Nf3 Bb5 7. Be3 Bxd3 8. Qxd3 Qb6 9. Nbd2 Nc6 10. O-O cxd4 11.
cxd4 Nge7 12. a3 Nf5 13. b4 Qb5 14. Qb3 Rc8 15. Rac1 a5 16. bxa5 Qxb3 17. Nxb3 Bxa3 18. Ra1 Be7 19. Rfb1 O-O 20. Nbd2 Bb4 21. Ra4 Bxa5 22. Rxb7 Bc3 23. Rb1 Ra8 24. Rxa8 Rxa8 25. g4 Nfxd4 26. Nxd4 Bxd4 27. Bxd4 Nxd4 28. Rb2 g5 29.
Kg2 Ra4 30. h3 h6 0-1

[Event "Early-Titled-Tuesday-Blitz-October-03-2023"]
[Site "Chess.com"]
[Date "2023.10.03"]
[Round "2"]
[White "Marcin"]
[Black "NowInChess"]
[Result "1-0"]
[WhiteElo "2495"]
[BlackElo "2252"]
[TimeControl "180+1"]
[EndTime "8:16:07 PDT"]
[Termination "Marcin won on time"]

1. Nf3 Nf6 2. c4 g6 3. Nc3 Bg7 4. e4 d6 5. d4 O-O 6. Be2 Na6 7. O-O e5 8. h3 Re8 9. d5 Nc5 10. Qc2 a5 11. Ne1 Kh8 12. Kh1 Nh5 13. Nd3 Qh4 14.
Nxc5 dxc5 15. Bxh5 Qxh5 16. Qd3 f5 17. f3 f4 18. Qe2 Bf6 19. Bd2 Bh4 20. Be1 Bg3 21. Bxg3 fxg3 22. f4 Qh4 23. f5 gxf5 24. exf5 e4 25.
Qg4 Qxg4 26. hxg4 Rg8 27. Rf4 e3 28. Re1 Bd7 29. Rxe3 Rae8 30. Rxg3 Re1+ 31. Kh2 Rc1 32. Rf2 Re8 33. g5 Ree1 34. Kh3 Rh1+ 35. Kg4 h5+ 36. gxh6 Rxh6 37. Kg5 Rch1 38. Rh3 R1xh3 39. gxh3 Rxh3 40. Kf6 Rh6+ 41. Ke7 Rh7+ 42. Kf8 1-0

[Event "Early-Titled-Tuesday-Blitz-October-03-2023"]
[Site "Chess.com"]
[Date "2023.10.03"]
[Round "2"]
[White "IwkooO"]
[Black "Firouzja2003"]
[Result "0-1"]
[WhiteElo "2649"]
[BlackElo "3110"]
[TimeControl "180+1"]
[EndTime "8:16:08 PDT"]
[Termination "Firouzja2003 won by resignation"]

1. e4 c5 2. Nf3 d6 3. Bb5+ Nd7 4. Ba4 Nf6 5. O-O a6 6. c4 e6 7. Nc3 Be7 8. d4 cxd4 9. Nxd4 O-O 10. Re1 Qc7 11. Qe2 Ne5 12. Bb3 Bd7 13. Be3 Rac8 14. Rac1 Rfe8 15. f3 Nxc4 16. Bxc4 Qxc4 17. Nd5 Qxe2 18.
Nxe7+ Rxe7 19. Rxe2 Rxc1+ 20. Bxc1 e5 21. Nc2 Be6 22. b3 h6 23. Ba3 Rd7 24. Ne3 Kf8 25.
Rd2 Ke7 26. Kf2 a5 27. Rc2 b5 28. Rc6 b4 29. Bb2 Ra7 30. Bc1 Nd7 31. a3 Nc5 32.
axb4 axb4 33. Bd2 Kd7 34. Rb6 Kc7 35. Rb5 Ra2 36. Ke1 Nxb3 37. Bxb4 Nd4 38. Ba5+ Kc8 39. Rb6 Rxa5 40. Rxd6 Kc7 0-1

[Event "Early-Titled-Tuesday-Blitz-October-03-2023"]
[Site "Chess.com"]
[Date "2023.10.03"]
[Round "2"]
[White "N4700000"]
[Black "pankajfm"]
[Result "1-0"]
[WhiteElo "2425"]
[BlackElo "2097"]
[TimeControl "180+1"]
[EndTime "8:16:10 PDT"]
[Termination "N4700000 won by resignation"]

1. e4 c5 2. Nf3 d6 3. Bb5+ Nd7 4.
a4 a6 5. Be2 Ngf6 6. Nc3 e6 7.
O-O Be7 8. a5 O-O 9. d4 cxd4 10.
Nxd4 Qc7 11. f4 b5 12. axb6 Nxb6 13. Kh1 Bb7 14. Bd3 d5 15. e5 Ne4 16. Nce2 Qd7 17.
f5 exf5 18. Nxf5 Bc5 19. Ned4 Bxd4 20. Nxd4 Qe7 21. Bf4 Nc4 22. Nf5 Qe6 23. Qg4 Qg6 24.
Ne7+ 1-0

[Event "Early-Titled-Tuesday-Blitz-October-03-2023"]
[Site "Chess.com"]
[Date "2023.10.03"]
[Round "2"]
[White "DenLaz"]
[Black "AdvanceGuard4"]
[Result "1-0"]
[WhiteElo "3068"]
[BlackElo "2643"]
[TimeControl "180+1"]
[EndTime "8:16:13 PDT"]
[Termination "DenLaz won by resignation"]

1. d4 Nf6 2. c4 e6 3. Nc3 d5 4. cxd5 Nxd5 5. e4 Nxc3 6. bxc3 c5 7.
Nf3 cxd4 8. cxd4 Bb4+ 9. Bd2 Bxd2+ 10. Qxd2 O-O 11. Rc1 Nd7 12. Bd3 b6 13. O-O Bb7 14.
h4 h6 15. Qf4 Rc8 16. Rxc8 Qxc8 17. Rc1 Qb8 18. Qxb8 Rxb8 19. Rc7 Nf6 20. Ne5 Bxe4 21. Bxe4 Nxe4 22. Rxa7 Rf8 23. Kf1 Nd6 24. Rd7 Nf5 25. h5 f6 26. Ng6 Ra8 27. g4 Nxd4 28. Rxd4 e5 29. Rd7 Rxa2 30. Rb7 Rb2 31. Ne7+ Kf8 32.
Nf5 b5 33. Nxg7 b4 34. Nf5 b3 35. Nxh6 Ke8 36. Ng8 Kd8 37. h6 Kc8 38. Rb4 Rb1+ 39.
Kg2 b2 40. h7 1-0

[Event "Early-Titled-Tuesday-Blitz-October-03-2023"]
[Site "Chess.com"]
[Date "2023.10.03"]
[Round "2"]
[White "Zablotsky"]
[Black "UNSTOPPABLE_LEGEND"]
[Result "1-0"]
[WhiteElo "2725"]
[BlackElo "2433"]
[TimeControl "180+1"]
[EndTime "8:16:13 PDT"]
[Termination "Zablotsky won by resignation"]

1. Nf3 d5 2. g3 c5 3. Bg2 Nc6 4.
d4 e6 5. O-O Nf6 6. c4 dxc4 7.
Qa4 Bd7 8. dxc5 Bxc5 9. Qxc4 Be7 10. Nc3 Rc8 11. Qb3 Na5 12. Qc2 O-O 13. Ne5 Bb5 14. Rd1 Qb6 15. Be3 Qa6 16. a4 Bc4 17. Nxc4 Nxc4 18.
Bf4 Bb4 19. Qb3 Qb6 20. Nb5 Bc5 21. e3 Na5 22. Qa2 a6 23. Nd6 Rcd8 24. Nc4 Nxc4 25. Qxc4 Rc8 26. a5 Qa7 27. Qb3 b6 28. axb6 Bxb6 29.
Rd6 Rb8 30. Qd3 Rfd8 31. Rxa6 Qc7 32. Raxb6 1-0

[Event "Early-Titled-Tuesday-Blitz-October-03-2023"]
[Site "Chess.com"]
[Date "2023.10.03"]
[Round "2"]
[White "LubovMarkelova"]
[Black "UK_23"]
[Result "1-0"]
[WhiteElo "2256"]
[BlackElo "2439"]
[TimeControl "180+1"]
[EndTime "8:16:14 PDT"]
[Termination "LubovMarkelova won by resignation"]

1. e4 e5 2. Nf3 Nc6 3. Bc4 Nf6 4. d3 Be7 5. O-O O-O 6. Re1 d6 7. a4 a6 8. c3 Bd7 9. Nbd2 Na5 10. Ba2 b5 11. b4 Nc6 12. a5 Re8 13. Nf1 h6 14. h3 Bf8 15. Ng3 Be6 16. d4 Bxa2 17. Rxa2 exd4 18.
Nxd4 Nxd4 19. Qxd4 c5 20. Qd3 c4 21. Qd4 d5 22. e5 Ne4 23. Nxe4 dxe4 24. Qxe4 f6 25.
e6 Ra7 26. Rd2 Qc8 27. f4 f5 28. Qxf5 Rae7 29. Rde2 Qc6 30. Qe4 Qxe4 31. Rxe4 g6 32. g4 Bg7 33. f5 gxf5 34. gxf5 Bxc3 35. Rf1 Rf8 36. Bxh6 Rc8 37. f6 Rh7 38. f7+ 1-0